 Dungeon Crawl Stone Soup version 0.26-a0-810-ge1a9524b62 (webtiles) character file.

Game seed: 5703738754845112243

58916 marklar909 the Brawler (level 14, -2/122 HPs)
             Began as a Purple Draconian Transmuter on Nov 13, 2020.
             Was a High Priest of Elyvilon.
             Slain by a sun demon (18 damage)
             ... on level 6 of the Lair of Beasts.
             The game lasted 00:54:28 (28432 turns).

marklar909 the Brawler (DrTm)                      Turns: 28432, Time: 00:54:29

Health: -2/122     AC: 13    Str: 16    XL:     14   Next: 51%
Magic:  27/27      EV: 17    Int: 15    God:    Elyvilon [*****.]
Gold:   1103       SH:  5    Dex: 12    Spells: 16/32 levels left

rFire    . . .     SeeInvis .     - Unarmed
rCold    . . .     Faith    .   (no shield)
rNeg     . . .     Spirit   .   (armour unavailable)
rPois    .         Reflect  +   (helmet currently unavailable)
rElec    .         Harm     .   y - +0 cloak
rCorr    .         Rampage  .   (no gloves)
MR       ++...                  (boots currently unavailable)
Stlth    ++........             k - amulet of reflection
HPRegen  0.30/turn              c - +4 ring of protection
MPRegen  0.20/turn              t - +4 ring of slaying

@: appendages, studying Ice Magic
A: breathe power, unfitting armour, horns 2, talons 2, cold-blooded, AC +8
a: Breathe Dispelling Energy, End Transformation, Lesser Healing, Heal Other,
Purification, Greater Healing, Divine Vigour, Divine Protection, Renounce
Religion


You were on level 6 of the Lair of Beasts.
You worshipped Elyvilon.
Elyvilon was extremely pleased with you.
You had grown temporary horns.
You had grown temporary talons.
You visited 3 branches of the dungeon, and saw 18 of its levels.

You collected 1103 gold pieces.

Inventory:

Armour
 y - a +0 cloak (worn)
 E - a +1 pair of boots (melded)
 M - a +0 hat (melded)
Jewellery
 c - a +4 ring of protection (left hand)
 k - an amulet of reflection (around neck)
 q - an uncursed ring of protection from fire
 t - a +4 ring of slaying (right hand)
 D - an uncursed ring of wizardry
 F - the amulet of the Four Winds {rN+ MR+++ Clar}
   (You found it on level 8 of the Dungeon)

   [amulet of nothing]

   It protects you from negative energy.
   It affects your resistance to hostile enchantments.
   It protects you against confusion.
 J - an uncursed amulet of faith {unknown}
 L - an uncursed ring of flight
 O - an uncursed amulet of magic regeneration {unknown}
Wands
 j - a wand of polymorph (12)
 n - a wand of enslavement (22)
 u - a wand of acid (1)
 v - a wand of flame (27)
Scrolls
 a - 6 scrolls of identify
 b - 6 scrolls of enchant weapon
 d - 2 scrolls of amnesia
 f - 3 scrolls of fear
 g - 9 scrolls of remove curse
 i - 4 scrolls of teleportation
 m - 6 scrolls of magic mapping
 x - 3 scrolls of blinking
 C - 3 scrolls of fog
 G - a scroll of summoning {unknown}
 P - a scroll of silence {unknown}
Potions
 e - 3 potions of brilliance
 h - 2 potions of ambrosia
 l - 2 potions of curing
 o - 2 potions of invisibility
 p - 4 potions of lignification
 r - 6 potions of haste
 s - 3 potions of might
 w - a potion of magic
 z - 3 potions of attraction
 B - 2 potions of flight
 K - 2 potions of heal wounds
 Q - a potion of mutation {unknown}
 R - a potion of cancellation {unknown}
Books
 I - a manual of Ice Magic
Miscellaneous
 H - a phial of floods
 N - a condenser vane


   Skills:
 * Level 10.5 Fighting
 * Level 9.6 Dodging
 + Level 4.2 Stealth
 * Level 15.3 Unarmed Combat
 + Level 9.7 Spellcasting
 + Level 4.6 Hexes
 + Level 8.5 Transmutations
 + Level 4.5 Ice Magic
 + Level 4.8 Poison Magic
 + Level 4.3 Invocations
 + Level 1.5 Evocations


You had 16 spell levels left.
You knew the following spells:

 Your Spells              Type           Power        Failure   Level
a - Beastly Appendage     Tmut           ####..       1%          1
b - Wereblood             Tmut           ####....     1%          2
c - Spider Form           Tmut/Pois      ####......   1%          3
d - Blade Hands           Tmut           ####......   9%          5
e - Confusing Touch       Hex            ###.....     4%          3
f - Ensorcelled Hibernat  Hex/Ice        ###...       2%          2

Your spell library contained the following spells:

 Spells                   Type           Power        Failure   Level
 Corona                   Hex            ###....      1%          1
 Slow                     Hex            ###.....     2%          2
 Tukima's Dance           Hex            ###.....     4%          3
 Ice Form                 Ice/Tmut       ####....     7%          4
 Foxfire                  Conj/Fire      #...         10%         1
 Dazzling Flash           Conj/Hex       ##....       12%         3
 Inner Flame              Hex/Fire       ##......     12%         3
 Portal Projectile        Hex/Tloc       ##....       12%         3
 Cause Fear               Hex            ###.......   16%         4
 Conjure Flame            Conj/Fire      #.......     30%         3
 Leda's Liquefaction      Hex/Erth       ##........   36%         4
 Sticky Flame             Conj/Fire      #.......     69%         4
 Fireball                 Conj/Fire      #.........   95%         5


Dungeon Overview and Level Annotations

Branches:
Dungeon (11/15)            Temple (1/1) D:4            Lair (6/6) D:9
  Swamp (0/4) Lair:4        Snake (0/4) Lair:4        Slime (0/5) Lair:5
    Orc: D:9-12

Altars:
Ashenzari
Cheibriados
Dithmenos
Elyvilon
Fedhas
Gozag
Hepliaklqana
Kikubaaqudgha
Makhleb
Nemelex Xobeh
Okawaru
Qazlal
Ru
Sif Muna
Trog
Uskayaw
Vehumet
Wu Jian
Xom
Yredelemnul
Zin
The Shining One

Annotations:
Lair:1 exclusion: 2 oklob plants


Innate Abilities, Weirdness & Mutations

You can breathe bolts of dispelling energy.
Your rich purple scales are hard. (AC +8)
You cannot fit into any form of body armour.
You are cold-blooded and may be slowed by cold attacks.
You have a pair of horns on your head.
You have razor-sharp toenails.


Message History

Your +0 hat melds into your body.
Your +1 pair of boots melds into your body.
The sun demon closely misses you.
Unknown command.
You punch the sun demon! You claw the sun demon.
Your tail-slap misses the sun demon.
The sun demon is moderately wounded.
You block the sun demon's attack.
You pummel the sun demon!!
You claw the sun demon, but do no damage.
You headbutt the sun demon.
The sun demon is severely wounded.
Your primal bloodlust has ended.
The sun demon hits you!!
You are engulfed in flames!
You punch the sun demon!
The sun demon is almost dead.
The sun demon hits you!!
* * * LOW HITPOINT WARNING * * *
You are engulfed in flames!!
You die...

♣#........# ♣♣♣♣♣'#########
♣♣.♣♣.♣♣♣ ♣♣.......♣♣♣ .
♣...♣♣♣....♣♣♣ ..♣ .♣♣♣♣
♣♣♣♣...♣♣ ♣..♣ ♣♣ ♣♣...♣♣♣♣♣..♣
♣♣♣..♣♣..♣ ♣♣..3@♣♣♣ ♣....♣♣ ♣♣#
♣♣♣..♣ ♣♣♣♣♣.# ♣♣♣♣ ♣♣♣♣♣♣♣♣♣
♣♣....#.#
♣♣♣♣♣♣..♣♣♣♣♣♣♣.♣..♣.♣♣♣♣.....###
♣.♣♣.....♣♣...........♣.......##
...............................#
..#.................###.....#.##
#...P.............#.# #....##.#


You could see a sun demon.

Vanquished Creatures
  Gastronok (Lair:1)
  2 entropy weavers (Lair:5)
  A dire elephant (Lair:6)
  Snorg (Lair:4)
  2 boulder beetles (D:11)
  13 hydras
  A catoblepas (Lair:5)
  Erolcha (D:9)
  A centaur warrior (D:10)
  A two-headed ogre (D:11)
  A queen ant (Lair:5)
  A death yak (Lair:6)
  Sonja (Lair:2)
  Urug (D:11)
  A wizard (Lair:6)
  2 unseen horrors (D:11)
  A bog body (Lair:4)
  A cyclops (D:11)
  7 elephants (Lair:5)
  A smoke demon (Lair:6)
  4 black mambas
  A torpor snail (Lair:5)
  A gargoyle (D:10)
  2 orange demons (Lair:6)
  13 cane toads
  6 rime drakes
  10 komodo dragons
  An ice devil (Lair:6)
  A troll (D:11)
  2 polar bears
  3 blink frogs (Lair:5)
  9 dream sheep (Lair:5)
  2 wyverns
  39 yaks
  Eustachio (D:6)
  3 basilisks
  A steam dragon (Lair:3)
  Edmund (D:6)
  19 water moccasins
  23 soldier ants (Lair:5)
  4 hell hounds (Lair:6)
  2 orc warriors
  3 black bears
  6 sky beasts
  2 ice beasts
  A hornet zombie (D:10)
  3 necrophages
  2 phantoms
  5 wolves (Lair:3)
  5 ogres
  11 centaurs
  6 big kobolds
  18 bullfrogs
  Blork the orc (D:5)
  5 scorpions
  5 wights (D:9)
  5 howler monkeys
  2 centaur zombies
  12 orc priests
  A bullfrog zombie (D:7)
  16 jellies
  5 bullfrog skeletons
  4 hounds
  10 orc wizards
  Crazy Yiuf (D:6)
  3 centaur skeletons
  4 iguanas
  23 worker ants
  2 hound skeletons (D:10)
  A howler monkey skeleton (D:7)
  7 gnolls
  11 adders
  5 white imps
  An ufetubus (D:10)
  2 oozes
  An adder skeleton (D:4)
  3 worms
  2 dart slugs (D:4)
  5 leopard geckos
  47 orcs
  8 bats
  5 giant cockroaches
  12 goblins
  4 hobgoblins
  3 jackals
  6 quokkas
  A ball python (D:1)
  A jackal skeleton (D:7)
  33 kobolds
  A leopard gecko skeleton (D:4)
  2 quokka skeletons (D:4)
  11 rats
522 creatures vanquished.

Vanquished Creatures (others)
  A kobold (D:7)
  49 fungi
  57 plants
107 creatures vanquished.

Grand Total: 629 creatures vanquished

Notes
Turn   | Place    | Note
-------+----------+-------------------------------------------
     0 | D:1      | marklar909 the Draconian Transmuter began the quest for the
                  | Orb.
     0 | D:1      | Reached XP level 1. HP: 16/16 MP: 3/3
   123 | D:1      | Reached XP level 2. HP: 23/23 MP: 3/5
   680 | D:2      | Reached XP level 3. HP: 18/28 MP: 4/6
   835 | D:2      | Reached skill level 4 in Unarmed Combat
   842 | D:2      | Reached XP level 4. HP: 28/35 MP: 5/7
   863 | D:2      | Learned a level 2 spell: Wereblood
   867 | D:2      | Learned a level 3 spell: Spider Form
  1363 | D:2      | Found a glowing silver altar of Zin.
  1892 | D:3      | Reached skill level 1 in Poison Magic
  2001 | D:3      | Found a blossoming altar of Fedhas.
  2102 | D:3      | Reached XP level 5. HP: 35/40 MP: 5/8
  2484 | D:4      | Found a sparkling altar of Nemelex Xobeh.
  2910 | D:4      | Found a staircase to the Ecumenical Temple.
  2982 | Temple   | Entered the Ecumenical Temple
  3030 | Temple   | Became a worshipper of Elyvilon the Healer
  3129 | D:4      | Reached XP level 6. HP: 48/48 MP: 6/10
  3181 | D:4      | Found a sparkling altar of Nemelex Xobeh.
  3817 | D:3      | Reached skill level 5 in Unarmed Combat
  4029 | D:4      | Your scales start taking on a rich purple colour.
  4029 | D:4      | Reached XP level 7. HP: 56/56 MP: 8/12
  4069 | D:4      | Found a hide-covered altar of Uskayaw.
  4803 | D:5      | Entered Level 5 of the Dungeon
  4968 | D:5      | Found an opulent altar of Gozag.
  5109 | D:5      | Reached * piety under Elyvilon
  5184 | D:5      | Reached skill level 6 in Unarmed Combat
  5186 | D:5      | Reached skill level 1 in Stealth
  5278 | D:5      | Noticed Blork the orc
  5283 | D:5      | Killed Blork the orc
  5283 | D:5      | Reached XP level 8. HP: 61/63 MP: 10/14
  5644 | D:5      | Reached skill level 7 in Unarmed Combat
  6039 | D:6      | Noticed Eustachio
  6064 | D:6      | Killed Eustachio
  6346 | D:6      | Found an iron altar of Okawaru.
  6815 | D:6      | Noticed Edmund
  6827 | D:6      | Killed Edmund
  6827 | D:6      | Reached skill level 8 in Unarmed Combat
  6830 | D:6      | Reached XP level 9. HP: 71/71 MP: 13/16
  6847 | D:6      | Found an ornate altar of the Wu Jian Council.
  7383 | D:6      | Found a runed translucent door.
  7384 | D:6      | Noticed Crazy Yiuf
  7472 | D:6      | Reached ** piety under Elyvilon
  7594 | D:6      | Killed Crazy Yiuf
  8073 | D:7      | Reached skill level 5 in Spellcasting
  8441 | D:7      | Reached skill level 5 in Fighting
  8643 | D:7      | Reached skill level 9 in Unarmed Combat
  8902 | D:8      | Reached skill level 1 in Invocations
  8918 | D:8      | Reached *** piety under Elyvilon
  9254 | D:8      | Reached skill level 10 in Unarmed Combat
  9492 | D:8      | Reached skill level 5 in Dodging
  9513 | D:8      | Learned a level 5 spell: Blade Hands
  9517 | D:8      | Learned a level 3 spell: Confusing Touch
  9520 | D:8      | Learned a level 2 spell: Ensorcelled Hibernation
  9603 | D:8      | Found the amulet of the Four Winds {rN+ MR+++ Clar}
  9616 | D:8      | Reached XP level 10. HP: 74/81 MP: 14/17
  9899 | D:9      | Reached skill level 1 in Ice Magic
  9900 | D:9      | Reached skill level 1 in Hexes
 10367 | D:9      | Found a shimmering altar of Xom.
 10372 | D:9      | Reached skill level 5 in Transmutations
 10406 | D:9      | Noticed Erolcha
 10422 | D:9      | Killed Erolcha
 10504 | D:9      | Found a shimmering blue altar of Sif Muna.
 10504 | D:9      | Found a burning altar of Makhleb.
 10637 | D:9      | Found a staircase to the Lair.
 10838 | D:10     | Entered Level 10 of the Dungeon
 10838 | D:10     | Noticed a gargoyle
 10854 | D:10     | Killed a gargoyle
 10854 | D:10     | Reached skill level 11 in Unarmed Combat
 11091 | D:10     | Reached **** piety under Elyvilon
 11357 | D:10     | Noticed a centaur warrior
 11363 | D:10     | Killed a centaur warrior
 11363 | D:10     | Reached XP level 11. HP: 65/89 MP: 15/19
 12327 | D:11     | Noticed a boulder beetle
 12339 | D:11     | Killed a boulder beetle
 12492 | D:11     | Noticed Urug
 12492 | D:11     | Noticed a boulder beetle
 12507 | D:11     | Killed a boulder beetle
 12515 | D:11     | Killed Urug
 12925 | D:11     | Noticed a two-headed ogre
 12956 | D:11     | Killed a two-headed ogre
 12956 | D:11     | Reached skill level 12 in Unarmed Combat
 12971 | D:11     | Killed an unseen horror
 13438 | D:11     | Killed an unseen horror
 13745 | Lair:1   | Entered Level 1 of the Lair of Beasts
 14149 | Lair:1   | Reached XP level 12. HP: 96/100 MP: 16/21
 14248 | Lair:1   | Noticed Gastronok
 14614 | Lair:1   | Noticed an eight-headed hydra
 14615 | Lair:1   | Noticed a five-headed hydra
 14865 | Lair:1   | Noticed a five-headed hydra
 15152 | Lair:1   | You fall into a shaft and drop 1 floor!
 15622 | Lair:2   | Noticed Sonja
 15630 | Lair:2   | Killed Sonja
 16484 | Lair:1   | Killed a five-headed hydra
 16484 | Lair:1   | Reached skill level 13 in Unarmed Combat
 16699 | Lair:1   | Killed Gastronok
 16993 | Lair:1   | Killed a five-headed hydra
 17410 | Lair:1   | Killed an eight-headed hydra
 17791 | Lair:3   | Noticed an eight-headed hydra
 18223 | Lair:3   | Noticed a seven-headed hydra
 18235 | Lair:3   | Killed an eight-headed hydra
 18611 | Lair:3   | Noticed a seven-headed hydra
 18630 | Lair:3   | Killed a seven-headed hydra
 19011 | Lair:3   | HP: 3/103 [eight-headed hydra (14)]
 19509 | Lair:3   | Reached XP level 13. HP: 87/108 MP: 22/25
 20363 | Lair:4   | Noticed Snorg
 20409 | Lair:4   | Killed Snorg
 21226 | Lair:4   | Found a staircase to the Swamp.
 21281 | Lair:4   | Found a staircase to the Snake Pit.
 21750 | Lair:5   | Reached skill level 14 in Unarmed Combat
 22215 | Lair:5   | Found a staircase to the Slime Pits.
 23329 | Lair:5   | Noticed an entropy weaver
 23348 | Lair:5   | Noticed an entropy weaver
 23426 | Lair:5   | Killed an entropy weaver
 24146 | Lair:5   | Killed an entropy weaver
 24146 | Lair:5   | Reached skill level 1 in Evocations
 24723 | Lair:5   | Reached ***** piety under Elyvilon
 24922 | Lair:5   | Reached XP level 14. HP: 109/119 MP: 22/27
 25208 | Lair:6   | Entered Level 6 of the Lair of Beasts
 25349 | Lair:5   | Reached skill level 15 in Unarmed Combat
 25350 | Lair:5   | Elyvilon protects you from harm!
 25656 | Lair:6   | Reached skill level 10 in Fighting
 27431 | Lair:6   | Found a burning altar of Makhleb.
 28432 | Lair:6   | Slain by a sun demon

Illustrated notes

Levels and vault maps discovered:
D:1:      moated_graveyard_arrival, layout_rooms
D:2:      layout_loops_cross, zin_academy, minmay_small_reverse_x
D:3:      layout_rooms, fedhas_altar_3
D:4:      minmay_clustersquares, layout_cave_pools,
          nemelex_xobeh_ov_fountains_minmay, marbit_many_paths,
          minmay_temple_entry_tees, gup_sewer_entry_bubbles,
          hangedman_feature_mirror, lemuel_tele_altar
D:5:      layout_basic, nicolae_gozag_seed_capital, uniq_blork_the_orc
D:6:      layout_loops_ring, old_standard_altar, kennysheep_okawaru_gauntlet,
          corexii_shack, minmay_liquid_box, dk_noncrumbling_3, uniq_eustachio,
          uniq_crazy_yiuf_cottage, uniq_edmund
D:7:      layout_gridville, kennysheep_generic_room_3
D:8:      layout_rooms
D:9:      layout_loops_ring, grunt_temple_overflow_open, lair_entry_dummy,
          uniq_erolcha
D:10:     minmay_s_stair_smasher, layout_basic
D:11:     layout_roguey, uniq_urug
Temple:   nicolae_temple_x_marks_the_god
Lair:1:   layout_regular_city, minmay_lair_oklob_chamber, uniq_gastronok
Lair:2:   layout_misc_corridors, enter_volcano_2, st_stairs_4,
          minmay_stone_trees_small, uniq_sonja
Lair:3:   layout_roguey
Lair:4:   layout_concentric_octagons, skrybe_swamp_entry_bodies,
          dummy_snake_entry, grunt_megastairs_1, lemuel_fruit_tree, uniq_snorg
Lair:5:   layout_small_grid, minmay_slime_entry_jelly_boxes, minivault_29,
          infiniplex_staircase_pool
Lair:6:   evil_forest, layout_gridlike

Skill      XL: |  1  2  3  4  5  6  7  8  9 10 11 12 13 14 |
---------------+-------------------------------------------+-----
Dodging        | 2 3 4 5 6 7 9 |  9.6
Unarmed Combat | 4 5 6 8 10 11 12 13 14 15 | 15.3
Poison Magic   | 1 2 3 4 |  4.8
Fighting       | 2 3 4 5 6 7 8 9 10 | 10.5
Transmutations | 3 4 5 6 7 8 |  8.5
Spellcasting   | 3 4 5 6 8 9 |  9.7
Stealth        | 1 2 3 4 |  4.2
Invocations    | 1 3 4 |  4.3
Ice Magic      | 2 4 |  4.5
Hexes          | 3 4 |  4.6
Evocations     | 1 |  1.5

Action                   |  1- 3 |  4- 6 |  7- 9 | 10-12 | 13-15 || total
-------------------------+-------+-------+-------+-------+-------++-------
Melee: Unarmed           |    78 |   166 |   433 |   539 |   419 ||  1635
       Kick              |     6 |    21 |     1 |     3 |    16 ||    47
       Tailslap          |     8 |     6 |     2 |     7 |    44 ||    67
       Headbutt          |     6 |     9 |       |     4 |    10 ||    29
       Punch             |     1 |     1 |     1 |     9 |    25 ||    37
 Cast: Beastly Appendage |    14 |    29 |     2 |     5 |     8 ||    58
       Wereblood         |       |    15 |     1 |    20 |    24 ||    60
       Spider Form       |       |     7 |    58 |    59 |     8 ||   132
       Confusing Touch   |       |       |     2 |     4 |       ||     6
       Blade Hands       |       |       |       |    19 |    54 ||    73
       Ensorcelled Hiber |       |       |       |     1 |       ||     1
Invok: Divine Protection |       |       |     1 |     1 |       ||     2
       Greater Healing   |       |       |       |    12 |     3 ||    15
       Purification      |       |       |       |     2 |       ||     2
       Lesser Healing    |       |       |       |     2 |       ||     2
 Abil: Breathe Dispellin |       |       |     6 |    11 |     8 ||    25
Evoke: Wand              |       |       |       |    10 |    17 ||    27
       Phial of floods   |       |       |       |       |     1 ||     1
  Use: Scroll            |       |    10 |     1 |    17 |     7 ||    35
       Potion            |       |       |       |       |     2 ||     2
 Stab: Sleeping          |       |       |     1 |     8 |     3 ||    12
       Confused          |       |       |       |     1 |       ||     1
       Paralysed         |       |       |       |     1 |       ||     1
       Distracted        |       |       |       |       |     1 ||     1
Armor: Skin              |    31 |    41 |    60 |   114 |   130 ||   376
Dodge: Dodged            |    56 |   124 |   357 |   511 |   355 ||  1403
Block: Other             |       |       |    86 |   147 |   113 ||   346
       Reflection        |       |       |     8 |    10 |       ||    18

Table legend: (Time is in decaauts)
 A = Elapsed time spent in this place.
 B = Non-inter-level travel time spent in this place.
 C = Inter-level travel time spent in this place.
 D = Time resting spent in this place.
 E = Time spent auto-exploring this place.
 F = Levels seen in this place.
 G = Mean time per level.
                   A        B        C        D        E       F      G
               +--------+--------+--------+--------+--------+-----+--------+
         Total |  28149 |  27293 |    856 |   5548 |  17310 |  18 | 1563.8 |
       Dungeon |  13564 |  13188 |    376 |   1474 |   9309 |  11 | 1233.1 |
        Temple |     58 |      1 |     57 |      0 |      0 |   1 |   58.0 |
          Lair |  14526 |  14104 |    422 |   4074 |   8001 |   6 | 2421.0 |
               +--------+--------+--------+--------+--------+-----+--------+

Top non-repeatable levels by time:
  Lair:5: 3436 daAuts
  Lair:1: 2622 daAuts
  Lair:3: 2616 daAuts
  Lair:6: 2561 daAuts
     D:4: 1762 daAuts
     D:6: 1693 daAuts
  Lair:2: 1667 daAuts
  Lair:4: 1621 daAuts
    D:10: 1434 daAuts
     D:3: 1428 daAuts
    D:11: 1373 daAuts
     D:7: 1243 daAuts
     D:5: 1175 daAuts
     D:9: 1093 daAuts
     D:2: 1018 daAuts
